 Dungeon Crawl Stone Soup version 0.25.0-26-g0c896c7088 (webtiles) character file.

Game seed: 11503691346970620748

3000 Apogee the Grappler (level 9, 0/83 HPs)
             Began as a Troll Monk on July 3, 2020.
             Slain by a bullfrog (8 damage)
             ... on level 7 of the Dungeon.
             The game lasted 00:05:46 (4893 turns).

Apogee the Grappler (Troll Monk)                    Turns: 4893, Time: 00:05:46

Health: 0/83       AC:  6    Str: 24    XL:     9   Next: 54%
Magic:  8/8        EV: 12    Int:  6    God:
Gold:   294        SH:  0    Dex: 12    Spells: 8/8 levels left

rFire    . . .     SeeInvis .     - Unarmed
rCold    . . .     Gourm    +   (no shield)
rNeg     . . .     Faith    .   a - +0 robe
rPois    .         Spirit   .   (helmet restricted)
rElec    .         Reflect  .   (no cloak)
rCorr    .         Harm     .   (gloves unavailable)
MR       .....                  (boots unavailable)
Stlth    ++........             (no amulet)
HPRegen  0.63/turn              (no ring)
MPRegen  0.11/turn              (no ring)

@: no status effects
A: large, unfitting armour, claws 3, fast metabolism 3, gourmand, regeneration
1, shaggy fur 1, tough skin 3
a: no special abilities


You were on level 7 of the Dungeon.
You were completely stuffed.

You visited 2 branches of the dungeon, and saw 8 of its levels.

You collected 294 gold pieces.

Inventory:

Hand Weapons
 A - a +2 whip of electrocution
Missiles
 f - 170 stones (quivered)
 s - 6 javelins
 u - 3 atropa-tipped darts
 B - a throwing net
Armour
 a - a +0 robe (worn)
Jewellery
 h - a cursed ring of attention {unknown}
 q - a cursed amulet of inaccuracy {unknown}
Wands
 y - a wand of paralysis (4)
 C - a wand of acid (7)
Scrolls
 d - 4 scrolls of blinking {unknown}
 e - 2 scrolls of magic mapping {unknown}
 g - 6 scrolls of teleportation {unknown}
 k - 5 scrolls of identify {unknown}
 m - 4 scrolls of remove curse {unknown}
 o - 5 scrolls of amnesia {unknown}
 t - a scroll of enchant armour {unknown}
 v - a scroll of enchant weapon {unknown}
 w - 4 scrolls of fear {unknown}
Potions
 c - 2 potions of heal wounds {unknown}
 i - 2 potions of invisibility {unknown}
 j - 2 potions of brilliance {unknown}
 l - 4 potions of curing
 n - 4 potions of degeneration {unknown}
 p - a potion of ambrosia {unknown}
 r - 2 potions of flight {unknown}
 x - 2 potions of cancellation {unknown}
 z - a potion of might {unknown}
Comestibles
 b - 15 rations
 D - 10 chunks of flesh


   Skills:
 + Level 3.4 Fighting
 + Level 4.7 Dodging
 - Level 1.0 Stealth
 * Level 12.1 Unarmed Combat


You had 8 spell levels left.
You didn't know any spells.
Your spell library was empty.

Dungeon Overview and Level Annotations

Branches:
Dungeon (7/15)             Temple (1/1) D:4

Altars:
Ashenzari
Cheibriados
Dithmenos
Elyvilon
Fedhas
Gozag
Hepliaklqana
Kikubaaqudgha
Makhleb
Nemelex Xobeh
Qazlal
Ru
Sif Muna
Trog
Uskayaw
Vehumet
Wu Jian
Xom
Zin
The Shining One

Annotations:
D:7 Joseph


Innate Abilities, Weirdness & Mutations

You are too large for most types of armour.
You have claws for hands.
Your metabolism is lightning-fast.
You like to eat raw meat.
Your natural rate of healing is unusually fast.
You are covered in fur. (AC +1)
You have extremely tough skin. (AC +3)


Message History

Joseph shoots a sling bullet.
The sling bullet closely misses you.
You claw the jelly!
You kill the jelly!
The bullfrog closely misses you.
Joseph unwields a +0 hunting sling.
Joseph wields a +0 quarterstaff.
Joseph closely misses you. The bullfrog hits you!
* * * LOW HITPOINT WARNING * * *
Found a stone staircase leading down.
You mangle Joseph!!
Joseph is heavily wounded.
The bullfrog barely misses you. Joseph hits you with a +0 quarterstaff.
* * * LOW HITPOINT WARNING * * *
You barely miss Joseph.
Joseph is heavily wounded.
The bullfrog hits you but does no damage.
You mangle Joseph!!
Joseph is almost dead.
Joseph sighs, "Being a guard is usually so boring..."
Joseph hits you but does no damage. The bullfrog hits you!
You die...

... ## .#.........#...#
.....#. ...##..#...##.#.
.....#p.##.#######......
#.......#....#.###......
.............(..........
#.....##...............
###...................#.
......F..(((.........##.
......@@.........#......
>.......!.......###.....
........................
.......#................
.......#................
......#....#............
.....###...##...#......
..... ###########.....
#....


You could see Joseph, a bullfrog and a neutral freed slave (wandering).

Vanquished Creatures
  Pikel (D:7)
  Maggie (D:6)
  Grinder (D:4)
  A hippogriff (D:7)
  Menkaure (D:4)
  A sky beast (D:6)
  4 ice beasts
  An ogre (D:7)
  A phantom (D:6)
  A scorpion (D:7)
  4 wights (D:6)
  A howler monkey (D:4)
  2 crimson imps
  A quasit (D:7)
  A jelly (D:7)
  An orc priest (D:5)
  3 hounds
  Ijyb (D:5)
  5 orc wizards
  Natasha (twice) (D:2)
  An iguana (D:7)
  6 worker ants
  A worker ant zombie (D:6)
  6 adders
  A gnoll (D:1)
  2 oozes (D:2)
  7 worms
  A dart slug (D:2)
  7 leopard geckos
  21 orcs
  2 giant cockroaches
  6 goblins
  5 hobgoblins
  8 jackals
  A quokka (D:3)
  2 ball pythons
  A ball python skeleton (D:6)
  7 bats
  3 frilled lizards
  A jackal skeleton (D:2)
  5 kobolds
  5 rats
133 creatures vanquished.

Vanquished Creatures (others)
  A phantom (D:7)
  A slave (D:7)
  A scorpion (D:7)
  A jackal (D:7)
4 creatures vanquished.

Grand Total: 137 creatures vanquished

Notes
Turn   | Place    | Note
-------+----------+-------------------------------------------
     0 | D:1      | Apogee the Troll Monk began the quest for the Orb.
     0 | D:1      | Reached XP level 1. HP: 22/22 MP: 0/0
   214 | D:1      | Reached XP level 2. HP: 29/29 MP: 1/1
   539 | D:2      | Reached XP level 3. HP: 36/36 MP: 2/2
   693 | D:2      | Reached skill level 4 in Unarmed Combat
   945 | D:2      | Reached XP level 4. HP: 44/44 MP: 3/3
  1007 | D:2      | Noticed Natasha
  1014 | D:2      | Killed Natasha
  1025 | D:2      | Noticed Natasha
  1029 | D:2      | Killed Natasha
  1229 | D:3      | Reached XP level 5. HP: 52/52 MP: 4/4
  1239 | D:3      | Reached skill level 5 in Unarmed Combat
  2131 | D:4      | Found a staircase to the Ecumenical Temple.
  2149 | Temple   | Entered the Ecumenical Temple
  2320 | D:4      | Noticed Menkaure
  2327 | D:4      | Killed Menkaure
  2327 | D:4      | Reached skill level 6 in Unarmed Combat
  2327 | D:4      | Reached XP level 6. HP: 45/59 MP: 5/5
  2834 | D:4      | Found a blossoming altar of Fedhas.
  2974 | D:4      | Noticed Grinder
  2981 | D:4      | Killed Grinder
  2981 | D:4      | Reached skill level 7 in Unarmed Combat
  2981 | D:4      | Reached XP level 7. HP: 50/67 MP: 6/6
  3078 | D:5      | Entered Level 5 of the Dungeon
  3097 | D:5      | Found an ornate altar of the Wu Jian Council.
  3097 | D:5      | Found an opulent altar of Gozag.
  3097 | D:5      | Found a shattered altar of Ashenzari.
  3242 | D:5      | Reached skill level 8 in Unarmed Combat
  3295 | D:5      | Found a blossoming altar of Fedhas.
  3525 | D:5      | Reached XP level 8. HP: 52/75 MP: 7/7
  3543 | D:5      | Reached skill level 9 in Unarmed Combat
  3808 | D:5      | Noticed Ijyb
  3810 | D:5      | Paralysed by Ijyb for 4 turns
  3819 | D:5      | Killed Ijyb
  3974 | D:6      | Noticed Maggie
  3989 | D:6      | Killed Maggie
  3989 | D:6      | Reached skill level 10 in Unarmed Combat
  4176 | D:6      | Found a sacrificial altar of Ru.
  4361 | D:6      | Reached XP level 9. HP: 75/83 MP: 8/8
  4641 | D:7      | Noticed Pikel
  4665 | D:7      | Killed Pikel
  4665 | D:7      | Reached skill level 11 in Unarmed Combat
  4784 | D:7      | Reached skill level 12 in Unarmed Combat
  4879 | D:7      | Noticed Joseph
  4893 | D:7      | Slain by a bullfrog

Illustrated notes

Levels and vault maps discovered:
D:1:      dpeg_arrival_rooms_c, layout_basic
D:2:      layout_basic, first_ration, kennysheep_generic_room_3, uniq_natasha
D:3:      layout_basic
D:4:      layout_cave_pods, lemuel_coloured_pillars_altar,
          minmay_temple_entry_waves, uniq_menkaure, uniq_grinder
D:5:      layout_basic, grunt_temple_overflow_open, fedhas_altar_2, uniq_ijyb
D:6:      layout_basic, nicolae_ru_awakened_eye, uniq_maggie
D:7:      layout_cave_pools, minmay_misc_feat_alley, uniq_joseph, uniq_pikel
Temple:   eino_temple_rhombus

Skill      XL: |  1  2  3  4  5  6  7  8  9 |
---------------+----------------------------+-----
Unarmed Combat | 4 6 7 8 10 12 | 12.1
Dodging        | 3 4 |  4.7
Fighting       | 3 |  3.4
Stealth        | |  1.0

Action                   |  1- 3 |  4- 6 |  7- 9 || total
-------------------------+-------+-------+-------++-------
Melee: Unarmed           |    78 |   151 |   183 ||   412
       Punch             |     1 |     7 |     6 ||    14
 Stab: Sleeping          |     4 |     3 |     1 ||     8
       Distracted        |       |     1 |     1 ||     2
  Eat: Chunk             |    14 |    19 |    17 ||    50
Armor: Robe              |    26 |    43 |    61 ||   130
Dodge: Dodged            |    42 |    80 |    90 ||   212
